AoeStats
← LeeWalker

African Clearing

503828744Analyzed
4v4 RM · 29d ago on Sep 2, 2026· 37m 14s· 8 players
Game mode
Random Map
Map size
Large (8 player)
Population
200
Speed
Normal
Resources
Standard
Victory
Conquest
Starting age
Dark Age
Ending age
Imperial Age
RankedLock teamsTeams togetherTeam positionsShared explorationLock speedFull tech treeHidden civsTurbo modeCheats
Victory
Defeat
🇹🇼 Lithuanians · Taiwan
1207
+14
🇨🇳 Huns · China
1202
+14
🇨🇳 Spanish · China
1189
+15
🇨🇳 Slavs · China
1171
+15
🇹🇼 Persians · Taiwan
1211
-17
🇦🇺 Koreans · Australia
1203
-17
🇹🇼 Mongols · Taiwan
1143
-14
🇹🇼 Japanese · Taiwan
1079
-11
Guoda Statham
10:39 Loom
12:50 Feudal Age
19:33 Castle Age
20:50 Husbandry
21:41 Bloodlines
21:59 Double-Bit Axe
22:03 Horse Collar
28:27 Padded Archer Armor
33:23 Wheelbarrow
32:50 Town Watch
37:26 Imperial Age
35:16 Bow Saw
Jack
3:08 Loom
12:32 Feudal Age
17:16 Castle Age
16:09 Horse Collar
17:17 Double-Bit Axe
20:03 Bow Saw
22:39 Heavy Plow
23:25 Gold Mining
24:40 Wheelbarrow
24:47 Stone Mining
25:43 Bloodlines
27:21 Scale Barding Armor
27:27 Forging
28:39 Forging
29:10 Hand Cart
30:27 Gold Shaft Mining
30:13 Chain Barding Armor
35:35 Imperial Age
33:44 Iron Casting
33:16 Town Watch
34:49 Marauders
35:45 Husbandry
35:35 Cavalier
36:48 Conscription
37:09 Plate Barding Armor
37:35 Blast Furnace
TastyChips
13:37 Feudal Age
12:47 Loom
18:05 Castle Age
16:02 Double-Bit Axe
20:08 Horse Collar
23:16 Bow Saw
24:15 Bloodlines
25:52 Scale Barding Armor
27:25 Chain Barding Armor
28:34 Bloodlines
29:15 Forging
29:53 Husbandry
30:26 Heavy Plow
31:34 Wheelbarrow
33:28 Iron Casting
34:31 Gold Mining
34:33 Stone Mining
碰我就投降
11:13 Loom
14:02 Feudal Age
18:21 Castle Age
19:44 Double-Bit Axe
23:15 Bloodlines
23:06 Husbandry
29:54 Horse Collar
31:39 Scale Barding Armor
31:44 Forging
35:30 Bow Saw
35:41 Forging
35:53 Chain Barding Armor
38:27 Wheelbarrow
LeeWalker
6:06 Loom
17:24 Feudal Age
24:38 Castle Age
23:17 Double-Bit Axe
26:26 Light Cavalry
29:52 Horse Collar
32:46 Wheelbarrow
mm巧克力
5:33 Loom
13:21 Feudal Age
20:49 Castle Age
19:29 Double-Bit Axe
21:13 Bloodlines
21:09 Scale Barding Armor
21:15 Forging
22:10 Gold Mining
26:24 Padded Archer Armor
26:14 Fletching
26:02 Elite Skirmisher
Stophles
7:45 Loom
13:52 Feudal Age
20:52 Castle Age
18:38 Double-Bit Axe
18:40 Horse Collar
22:31 Bow Saw
23:32 Squires
23:38 Scale Mail Armor
23:48 Forging
26:27 Chain Mail Armor
26:47 Iron Casting
27:39 Gambesons
35:24 Fletching
椰子
13:03 Loom
15:56 Feudal Age
20:03 Castle Age
18:14 Double-Bit Axe
20:31 Scale Barding Armor
20:37 Forging
20:39 Pikeman
21:20 Squires
24:08 Scale Mail Armor
26:18 Chain Barding Armor
30:43 Bow Saw
35:49 Imperial Age
34:20 Fletching
35:55 Bodkin Arrow
36:31 Horse Collar
Connection lost

Rejoining the realm…

Still unreachable

The connection could not be restored.

Session expired

The server has moved on; the page needs a fresh start.